 Dungeon Sprint DCSS version 0.30-a0-824-g6c64550be9 (webtiles) character file.

Game seed: 3694201932288204631

11991 dialectric the Warrior (level 11, -3/106 HPs)
             Began as a Demonspawn Berserker on Feb 28, 2023.
             Was the Champion of Trog.
             Shot with a bolt by a yaktaur captain (20 damage)
             ... in the Dungeon (Sprint II: "The Violet Keep of Menkaure").
             The game lasted 00:07:21 (1459 turns).

dialectric the Warrior (Demonspawn Berserker)       Turns: 1459, Time: 00:07:21

Health: -3/106     AC: 18    Str: 30    XL:     11   Next: 56%
Magic:  11/11      EV: 17    Int:  9    God:    Trog [******]
Gold:   982        SH:  0    Dex: 13    Spells: 10/10 levels left

rFire   . . .      SeeInvis .    E - +4 dire flail (heavy)
rCold   x . .      Faith    .    (shield currently unavailable)
rNeg    . . .      Spirit   .    d - +5 chain mail of Raevior {Str+3}
rPois   .          Reflect  .    (no helmet)
rElec   .          Harm     .    (no cloak)
rCorr   .          Rampage  .    (no gloves)
Will    +....      NoTele   +    (no boots) Stlth
                                 y - amulet of regeneration
HPRegen 1.17/turn                i - ring "Bosute" {Fly rC- Will+ Str+8}
MPRegen 0.12/turn                (no ring)

@: mighty, on berserk cooldown, flying, hasted and slowed, repel missiles
A: repulsion field 3, ignite blood 1, powered by pain 2, clumsy 1, subdued magic
2
a: Renounce Religion, Berserk, Trog's Hand, Brothers in Arms


You were in the Dungeon.
You worshipped Trog.
Trog was exalted by your worship.
You visited 1 branch You collected 1849 gold pieces.
You spent 867 gold pieces at shops.

Inventory:

Hand Weapons
 a - a +0 mace
 k - a +5 antimagic great sword
 E - a +4 heavy dire flail (weapon)
Missiles
 l - 7 poisoned darts (quivered)
 r - 5 curare-tipped darts
Armour
 b - a +0 animal skin
 d - the +5 chain mail of Raevior (worn) {Str+3}
   (You bought it in a shop in the Dungeon)

   Str:       It affects your strength (+3).
 u - a +0 cloak
 D - a +0 buckler
Jewellery
 i - the ring "Bosute" (left hand) {Fly rC- Will+ Str+8}
   (You bought it in a shop in the Dungeon)

   [ring of flight]

   Str:       It affects your strength (+8).
   rC:        It makes you vulnerable to cold.
   Fly:       It grants you flight.
   Will:      It increases your willpower.
 m - a ring of magical power
 y - an amulet of regeneration (around neck)
Scrolls
 h - 3 scrolls of blinking
 j - 2 scrolls of enchant weapon {unknown}
 n - 2 scrolls of identify {unknown}
 o - a scroll of magic mapping {unknown}
 s - a scroll of fog {unknown}
 v - a scroll of torment {unknown}
 x - 2 scrolls of amnesia {unknown}
 z - 2 scrolls of poison {unknown}
 A - 2 scrolls of brand weapon {unknown}
 B - 3 scrolls of enchant armour {unknown}
Potions
 c - 5 potions of curing
 f - 5 potions of magic
 g - a potion of berserk rage
 p - 2 potions of flight
 q - a potion of lignification
 t - 2 potions of heal wounds
 w - 3 potions of resistance {unknown}
 C - a potion of invisibility {unknown}


   Skills:
 + Level 16.8 Fighting
 - Level 14.0 Maces & Flails
 - Level 1.2 Throwing
 + Level 14.9 Armour
 + Level 9.7 Dodging
 - Level 1.6 Stealth


You had 10 spell levels left.
You didn't know any spells.
Your spell library was empty.

Dungeon Overview and Level Annotations

Branches:
Dungeon (1/1)

Altars:
Cheibriados
Dithmenos
Fedhas
Gozag
Hepliaklqana
Kikubaaqudgha
Makhleb
Nemelex Xobeh
Okawaru
Qazlal
Ru
Sif Muna
Trog
Uskayaw
Vehumet
Wu Jian
Xom
Yredelemnul
Jiyva
Lugonu

Shops:
D (?:=?(!!=[?(![:

Annotations:
D exclusion: oklob plant, Roxanne


Innate Abilities, Weirdness & Mutations

You are surrounded by a strong repulsion field. (EV +4, RMsl)
Your demonic aura sometimes causes spilled blood to erupt in flames.
You sometimes gain power by taking damage.
You are clumsy. (Dex -2)
Your spells are easier to cast, but less powerful.


Message History

You flatten the elephant like a pancake!!!
You kill the elephant!
Trog accepts your kill.
You are no longer berserk.
You are exhausted.
You feel as though you will be slow longer.
The yaktaur captain shouts!
The yaktaur captain wields a +0 arbalest.
The yaktaur captain shoots a bolt.
The bolt barely misses you.
You are engulfed in dark miasma.
You are poisoned.
You feel extremely sick.
The yaktaur captain shoots a bolt.
The bolt completely misses you.
You reach down and close the gate, pushing everything out of the way.
You see here a +0 robe.
You are engulfed in dark miasma.
You are more poisoned.
You feel as though you will be slow longer.
You focus on the pain.
You feel very mighty all of a sudden.
You feel extremely sick.
The yaktaur captain shoots a bolt.
The bolt misses you.
The yaktaur captain shoots a bolt.
The bolt misses you.
You feel extremely sick.
The yaktaur captain shoots a bolt.
The bolt hits you.
* * * LOW HITPOINT WARNING * * *
You see here a kobold corpse.
You feel extremely sick.
The yaktaur captain shoots a bolt.
The bolt hits you!
* * * LOW HITPOINT WARNING * * *
There is an open door, spattered with blood here.
Things that are here:
the +8 war axe of Guile {flame, rPois Dex+6 Stlth+}; a +0 trident You feel very sick.
You feel yourself speed up.
You feel very sick.
You feel better.
The yaktaur captain shoots a bolt.
The bolt hits you but does no damage.
The yaktaur captain shoots a bolt.
The bolt hits you!!
You die...

# +≈≈≈.§§○○≈.≈##++# +
..####≈≈°≈.≈≈≈.# ...### #
...~##≈°)§≈≈≈# ....# #
###########~~#+++#+++## ...#
##########~~~c.[†c....# ..#
#.......∩#~~~~.##)##..# ####.# .
#∩.....∩.#~~~~##.#.##.####..'^##k
#.∩...∩.∩#~~~~#..#..# ...#..#^^k#
#∩.∩.∩.∩.#~~####@..####..#####^^#
#.∩.∩....#~##.###'###.##..#..'^^#
#..∩.∩...#~#...##)###..#..#..#^.#
#...⌠....'~'.##'.<.'.##'..####..#
#........#~###.##.###†.#....###..
▓▓▓▓▓▓▓###~##.###'###.##......~~~
#(ss######~~####...####~~.....~#'
#(FF#h ##~~~#..#).#~~~§~~~..~#.
#∩PF+h. #'#~##...##~~~~~~~§.~#.


You could see a yaktaur captain.

Vanquished Creatures
  Kirke (D)
  A sphinx (D)
  A centaur warrior (D)
  A skeletal warrior (D)
  2 deep trolls (D)
  3 shining eyes (D)
  An elephant (D)
  A merfolk siren (D)
  A kobold demonologist (D)
  A yaktaur (D)
  A hornet (D)
  5 polar bears (D)
  12 flying skulls (D)
  Menkaure (D)
  A vampire mosquito (D)
  5 water moccasins (D)
  A swamp drake (D)
  4 necrophages (D)
  4 scorpions (D)
  3 worms (D)
50 creatures vanquished.

Vanquished Creatures (collateral kills)
  A sphinx (D)
1 creature vanquished.

Vanquished Creatures (others)
  8 tentacles (D)
8 creatures vanquished.

Grand Total: 59 creatures vanquished

Notes
Turn   | Place    | Note
-------+----------+-------------------------------------------
     0 | D        | dialectric the Demonspawn Berserker began the quest for the
                  | Orb.
     0 | D        | Reached XP level 1. HP: 18/18 MP: 1/1
    15 | D        | Reached ** piety under Trog
    16 | D        | Reached skill level 4 in Fighting
    16 | D        | Gained mutation: You are surrounded by a mild repulsion
                  | field. (EV +2) [demonic ancestry]
    16 | D        | Reached XP level 2. HP: 24/25 MP: 2/2
    49 | D        | Noticed a necrophage
    49 | D        | Noticed a necrophage
    49 | D        | Noticed a necrophage
    49 | D        | Noticed a necrophage
    52 | D        | Killed a necrophage
    53 | D        | Reached skill level 5 in Fighting
    53 | D        | Reached skill level 5 in Maces & Flails
    53 | D        | Reached XP level 3. HP: 34/34 MP: 3/3
    53 | D        | Reached XP level 4. HP: 40/40 MP: 4/4
    56 | D        | Killed a necrophage
    57 | D        | Reached skill level 6 in Fighting
    60 | D        | Killed a necrophage
    61 | D        | Reached skill level 7 in Fighting
    61 | D        | Gained mutation: You are surrounded by a moderate repulsion
                  | field. (EV +3) [demonic ancestry]
    61 | D        | Reached XP level 5. HP: 49/49 MP: 5/5
    77 | D        | Reached *** piety under Trog
    78 | D        | Reached skill level 8 in Fighting
    88 | D        | Found Woisigagra's Antique Armour Emporium.
    88 | D        | Found Iklewk's Distillery.
    88 | D        | Found Goacw's Jewellery Shoppe.
    88 | D        | Found Quniorphawoe's Magic Scroll Shoppe.
    89 | D        | Found Qoveeck's Distillery.
    89 | D        | Found Nota's Book Emporium.
    89 | D        | Found Caonag's Antique Weapon Shoppe.
    89 | D        | Found Muel's Antique Armour Shoppe.
    90 | D        | Found Lueg's Distillery.
    90 | D        | Found Cuonku Cuxon's Antique Weapon Emporium.
    91 | D        | Noticed a redback
    92 | D        | Found Unelugue's Magic Scroll Emporium.
    92 | D        | Found Xede's Jewellery Shoppe.
    92 | D        | Noticed a water moccasin
    92 | D        | Noticed a redback
    92 | D        | Noticed an oklob plant
    93 | D        | Found Osiruys's Magic Scroll Shoppe.
    93 | D        | Found Feteyxt's Antique Weapon Emporium.
    93 | D        | Found Ipaoser's Book Shoppe.
    93 | D        | Noticed a cane toad
   103 | D        | Killed a water moccasin
   104 | D        | Reached skill level 9 in Fighting
   104 | D        | Gained mutation: You sometimes gain a little power by
                  | taking damage. [demonic ancestry]
   104 | D        | Reached XP level 6. HP: 58/58 MP: 6/6
   189 | D        | Bought a brightly glowing chain mail for 209 gold pieces
   189 | D        | Identified the +5 chain mail of Raevior {Str+3} (You bought
                  | it in a shop in the Dungeon)
   202 | D        | Bought a potion of curing for 30 gold pieces
   202 | D        | Bought a potion of curing for 30 gold pieces
   220 | D        | Noticed a vampire mosquito
   234 | D        | Killed a vampire mosquito
   235 | D        | Reached skill level 5 in Dodging
   265 | D        | Noticed a water moccasin
   282 | D        | Killed a water moccasin
   283 | D        | Gained mutation: Your demonic aura sometimes causes spilled
                  | blood to erupt in flames. [demonic ancestry]
   283 | D        | Reached XP level 7. HP: 48/65 MP: 7/7
   287 | D        | Noticed a cane toad
   383 | D        | Identified Roxanne's Book of Composition
   383 | D        | Noticed Roxanne
   397 | D        | Noticed a merfolk siren
   416 | D        | Killed a merfolk siren
   416 | D        | Reached **** piety under Trog
   417 | D        | Reached skill level 10 in Fighting
   417 | D        | Reached skill level 10 in Maces & Flails
   417 | D        | Reached skill level 5 in Armour
   455 | D        | Gained mutation: You sometimes gain power by taking damage.
                  | [demonic ancestry]
   455 | D        | Reached XP level 8. HP: 64/74 MP: 8/8
   494 | D        | Bought the ring "Bosute" {Fly rC- Will+ Str+8} for 438 gold
                  | pieces
   515 | D        | Noticed Menkaure
   520 | D        | Killed Menkaure
   520 | D        | Reached ***** piety under Trog
   521 | D        | Reached skill level 11 in Fighting
   521 | D        | Found a stormy altar of Qazlal.
   521 | D        | Found an ornate altar of the Wu Jian Council.
   522 | D        | Found a hazy altar of Hepliaklqana.
   522 | D        | Found a sacrificial altar of Ru.
   523 | D        | Found a viscous altar of Jiyva.
   523 | D        | Found a shimmering blue altar of Sif Muna.
   524 | D        | Found a snail-covered altar of Cheibriados.
   524 | D        | Found an ancient bone altar of Kikubaaqudgha.
   524 | D        | Found a shimmering altar of Xom.
   524 | D        | Found a bloodstained altar of Trog.
   525 | D        | Found a shadowy altar of Dithmenos.
   525 | D        | Found a corrupted altar of Lugonu.
   526 | D        | Found a burning altar of Makhleb.
   527 | D        | Found a blossoming altar of Fedhas.
   534 | D        | Noticed a shining eye
   534 | D        | Noticed a shining eye
   534 | D        | Gained mutation: You occasionally shout uncontrollably at
                  | your foes. [a shining eye]
   535 | D        | Noticed a shining eye
   535 | D        | Gained mutation: You are clumsy. (Dex -2) [a shining eye]
   540 | D        | Killed a shining eye
   540 | D        | Gained mutation: Your spells are a little easier to cast,
                  | but a little less powerful. [a shining eye]
   541 | D        | Reached skill level 1 in Stealth
   546 | D        | Killed a shining eye
   551 | D        | Gained mutation: Your body sometimes deteriorates upon
                  | taking damage. [a shining eye]
   553 | D        | Killed a shining eye
   554 | D        | Reached skill level 12 in Fighting
   554 | D        | Gained mutation: You are surrounded by a strong repulsion
                  | field. (EV +4, RMsl) [demonic ancestry]
   554 | D        | Reached XP level 9. HP: 82/82 MP: 9/9
   563 | D        | Noticed a polar bear
   564 | D        | Noticed a polar bear
   568 | D        | Killed a polar bear
   568 | D        | Received a gift from Trog
   578 | D        | Killed a polar bear
   595 | D        | Noticed a yaktaur
   595 | D        | Noticed a polar bear
   595 | D        | Noticed a polar bear
   605 | D        | Killed a polar bear
   606 | D        | Noticed a polar bear
   611 | D        | Killed a polar bear
   616 | D        | Killed a polar bear
   617 | D        | Paralysed by a hornet for 1 turns
   620 | D        | Killed a yaktaur
   621 | D        | Reached skill level 13 in Fighting
   632 | D        | Found an opulent altar of Gozag.
   638 | D        | Noticed a kraken
   647 | D        | Found a basalt altar of Yredelemnul.
   647 | D        | Found a hide-covered altar of Uskayaw.
   647 | D        | Found a sparkling altar of Nemelex Xobeh.
   648 | D        | Found a radiant altar of Vehumet.
   648 | D        | Found an iron altar of Okawaru.
   657 | D        | Reached XP level 10. HP: 44/92 MP: 10/10
   935 | D        | Noticed a deep troll
   935 | D        | Noticed a deep troll
   947 | D        | Killed a deep troll
   947 | D        | Received a gift from Trog
   948 | D        | Reached skill level 10 in Armour
   951 | D        | Killed a deep troll
  1155 | D        | Noticed a sphinx
  1155 | D        | Noticed a sphinx
  1159 | D        | Killed a sphinx
  1160 | D        | Reached skill level 14 in Fighting
  1161 | D        | Killed a sphinx
  1209 | D        | Noticed a death drake
  1233 | D        | Reached skill level 15 in Fighting
  1264 | D        | Reached skill level 1 in Throwing
  1270 | D        | Reached XP level 11. HP: 102/102 MP: 11/11
  1271 | D        | Received a gift from Trog
  1286 | D        | Reached ****** piety under Trog
  1393 | D        | Bought 2 potions of mutation for 160 gold pieces
  1393 | D        | Lost mutation: Your body sometimes deteriorates upon taking
                  | damage. [potion of mutation]
  1393 | D        | Lost mutation: You occasionally shout uncontrollably at
                  | your foes. [potion of mutation]
  1393 | D        | Gained mutation: You are vulnerable to heat. (rF-) [potion
                  | of mutation]
  1393 | D        | Gained mutation: You possess an exceptional clarity of
                  | mind. [potion of mutation]
  1394 | D        | Lost mutation: You are vulnerable to heat. (rF-) [potion of
                  | mutation]
  1394 | D        | Lost mutation: You possess an exceptional clarity of mind.
                  | [potion of mutation]
  1394 | D        | Gained mutation: Your spells are easier to cast, but less
                  | powerful. [potion of mutation]
  1422 | D        | Noticed a centaur warrior
  1422 | D        | Noticed Kirke
  1422 | D        | Noticed a skeletal warrior
  1425 | D        | Noticed a yaktaur captain
  1433 | D        | Killed a skeletal warrior
  1434 | D        | Reached skill level 16 in Fighting
  1443 | D        | Killed Kirke
  1443 | D        | Identified the +8 war axe of Guile {flame, rPois Dex+6
                  | Stlth+} (Trog gifted it to you in the Dungeon)
  1443 | D        | Received a gift from Trog
  1445 | D        | Killed a centaur warrior
  1459 | D        | Shot with a bolt by a yaktaur captain

Illustrated notes

Levels and vault maps discovered:
D:        the_violet_keep_of_menkaure [sprint2_stairs_cluster_1,
          sprint2_shoproom, sprint2_temple, sprint2_basic_supplies,
          sprint2_obstacle_6, sprint2_obstacle_5, sprint2_obstacle_1,
          sprint2_obstacle_7, sprint2_obstacle_2, sprint2_timed_cluster_1,
          sprint2_smallroom_cluster_1, sprint2_smallroom_final_cluster_1,
          sprint2_transparent_cluster_1, sprint2_second_timed_cluster_1,
          sprint2_sniper_area_1, sprint2_heavy_combat_area_1,
          sprint2_mutation_trap_area_1, sprint2_forest_area_1,
          sprint2_light_combat_area_1, sprint2_behind_water_1,
          sprint2_near_end_vault_1]

Skill      XL: |  1  2  3  4  5  6  7  8  9 10 11 |
---------------+----------------------------------+-----
Maces & Flails | 3 5 7 8 9 10 12 14 | 14.0
Armour         | 2 3 4 5 7 8 12 14 | 14.9
Dodging        | 2 3 4 5 6 7 8 9 |  9.7
Fighting       | 4 5 7 9 10 12 13 15 16 | 16.8
Stealth        | 1 |  1.6
Throwing       | 1 |  1.2

Action                     |  1- 3 |  4- 6 |  7- 9 | 10-12 || total
---------------------------+-------+-------+-------+-------++-------
  Melee: Mace              |    12 |    49 |   102 |    24 ||   187
         Punch             |       |       |     6 |     1 ||     7
         Dire flail        |       |       |       |    51 ||    51
  Throw: Dart              |       |       |       |     1 ||     1
 Invoke: Berserk           |     2 |     2 |     2 |     3 ||     9
         Trog's Hand       |       |       |     1 |       ||     1
         Brothers in Arms  |       |       |       |     1 ||     1
    Use: Potion            |       |     1 |       |     6 ||     7
 Armour: Animal skin       |     1 |     6 |       |       ||     7
         Chain mail        |       |    18 |    48 |    38 ||   104
  Dodge: Dodged            |     3 |    28 |    91 |    72 ||   194

Table legend: (Time is in decaauts)
 A = Elapsed time spent in this place.
 B = Non-inter-level travel time spent in this place.
 C = Inter-level travel time spent in this place.
 D = Time resting spent in this place.
 E = Time spent auto-exploring this place.
 F = Levels seen in this place.
 G = Mean time per level.
                   A        B        C        D        E       F      G
               +--------+--------+--------+--------+--------+-----+--------+
         Total |   1501 |   1499 |      2 |    424 |    210 |   1 | 1501.0 |
       Dungeon |   1501 |   1499 |      2 |    424 |    210 |   1 | 1501.0 |
               +--------+--------+--------+--------+--------+-----+--------+

Top non-repeatable levels by time:
       D: 1501 daAuts
